 Dungeon Sprint DCSS version 0.19.1 (webtiles) character file.

51 equalderp2856 the Scratcher (level 3, -7/18 HPs)
             Began as a Felid Fighter on Dec 1, 2016.
             Was an Initiate of Gozag.
             Mangled by a hippogriff (8 damage)
             ... in the Dungeon (Sprint IX: "|||||||||||||||||||||||||||||").
             The game lasted 00:00:44 (213 turns).

equalderp2856 the Scratcher (Felid Fighter)          Turns: 213, Time: 00:00:45

Health: -7/18      AC:  1    Str: 16    XL:     3   Next: 58%
Magic:  4/4        EV: 21    Int: 12    God:    Gozag
Gold:   0          SH:  0    Dex: 15    Spells: 0 memorised, 2 levels left
                                        Lives:  0   Deaths: 0

rFire  . . .     SeeInvis +       - Unarmed
rCold  . . .     Gourm    .     (armour unavailable)
rNeg   . . .     Faith    .     (shield unavailable)
rPois  .         Spirit   .     (helmet unavailable)
rElec  .         Reflect  .     (cloak unavailable)
rCorr  .         Harm     .     (gloves unavailable)
MR     .....     NoTele   +     (boots unavailable)
Stlth  ++........               (no amulet)
                                n - +3 ring of strength
                                m - +3 ring of intelligence

@: quick
A: no armour, no weapons or thrown items, stealth, claws 1, fangs 3, see
invisible, carnivore 3, speed 1, shaggy fur 1, slow metabolism 1, sharp paws
a: Potion Petition, Call Merchant, Bribe Branch, Renounce Religion


You were in the Dungeon.
You worshipped Gozag.
Gozag was noncommittal.
You were not hungry.

You visited 1 branch

Inventory:

Jewellery
 m - a +3 ring of intelligence (left paw)
 n - a +3 ring of strength (right paw)
Wands
 l - a wand of lightning (7/15)
Scrolls
 h - 2 scrolls of blinking
 j - 3 scrolls of remove curse
 k - 2 scrolls of amnesia
Potions
 a - a potion of might
 c - a potion of invisibility
 d - 2 potions of heal wounds
 e - a potion of haste
 f - 4 potions of magic
 g - a potion of berserk rage
 i - 4 potions of curing
Comestibles
 b - a meat ration


   Skills:
 + Level 4.3 Fighting
 + Level 5.7 Dodging
 + Level 6.9 Unarmed Combat


You had 2 spell levels left.
You didn't know any spells.

Dungeon Overview and Level Annotations

Branches:
Dungeon (1/1)

Altars:
Cheibriados
Dithmenos
Elyvilon
Fedhas
Gozag
Hepliaklqana
Kikubaaqudgha
Makhleb
Nemelex Xobeh
Okawaru
Qazlal
Ru
Sif Muna
Trog
Uskayaw
Vehumet
Xom
Yredelemnul
Zin
The Shining One
Beogh
Jiyva
Lugonu


Innate Abilities, Weirdness & Mutations

You cannot wear armour.
You are incapable of wielding weapons or throwing items.
Your paws allow you to move quietly. (Stealth)
You have sharp claws.
You have razor-sharp teeth.
You have supernaturally acute eyesight. (SInv)
You are carnivorous and can eat meat at any time.
You cover ground quickly.
You are covered in fur. (AC +1)
You have a slow metabolism.
Your sharp claws are effective at attacking unaware monsters.


Message History

The hippogriff is lightly wounded.
The hippogriff bites you. The hippogriff pecks you.
* * * LOW HITPOINT WARNING * * *
The hippogriff closely misses you.
You feel much better. The hippogriff misses you.
The hippogriff completely misses you. The hippogriff barely misses you.
You claw the hippogriff!
The hippogriff is moderately wounded.
The hippogriff barely misses you. The hippogriff pecks you!
The hippogriff claws you.
You claw the hippogriff! Your bite misses the hippogriff.
The hippogriff is severely wounded.
You scratch the hippogriff.
You bite the hippogriff, but do no damage.
The hippogriff is severely wounded.
The hippogriff bites you!
* * * LOW HITPOINT WARNING * * *
The hippogriff pecks you!
You die...
Your body crumbles into a pile of gold. $$$$$ $$$$$ $ $ $ $$$$$ $ ▓▓▓▓▓▓▓▓▓▓▓▓▓▓▓▓▓▓▓▓▓▓▓▓ _____.'..|)[[[..@HKFOOH+ ▓▓▓▓▓▓▓▓▓▓▓▓▓▓▓▓▓▓▓▓▓▓▓▓

You could see 2 hippogriffs, a big kobold, 2 ogres and a bullfrog.

Vanquished Creatures
  A hound (D)
  A shadow imp (D)
  An adder skeleton (D)
  An orc (D)
  2 giant cockroaches (D)
  A hobgoblin (D)
  A bat (D)
  2 rats (D)
10 creatures vanquished.

Notes
Turn   | Place    | Note
-------+----------+-------------------------------------------
     0 | D        | equalderp2856 the Felid Fighter began the quest for the Orb.
     0 | D        | Reached XP level 1. HP: 10/10 MP: 2/2
    22 | D        | Noticed a hound
    28 | D        | Reached skill level 5 in Unarmed Combat
    32 | D        | Reached XP level 2. HP: 8/14 MP: 3/3
    42 | D        | Reached skill level 5 in Dodging
    42 | D        | Reached skill level 6 in Unarmed Combat
    42 | D        | Reached XP level 3. HP: 5/18 MP: 4/4
   148 | D        | Found a roughly hewn altar of Beogh.
   148 | D        | Found a snail-covered altar of Cheibriados.
   148 | D        | Found a shadowy altar of Dithmenos.
   148 | D        | Found a white marble altar of Elyvilon.
   148 | D        | Found a blossoming altar of Fedhas.
   148 | D        | Found an opulent altar of Gozag.
   149 | D        | Found a hazy altar of Hepliaklqana.
   150 | D        | Found a viscous altar of Jiyva.
   151 | D        | Found an ancient bone altar of Kikubaaqudgha.
   152 | D        | Found a corrupted altar of Lugonu.
   153 | D        | Found a burning altar of Makhleb.
   154 | D        | Found a sparkling altar of Nemelex Xobeh.
   155 | D        | Found an iron altar of Okawaru.
   156 | D        | Found a stormy altar of Qazlal.
   157 | D        | Found a sacrificial altar of Ru.
   158 | D        | Found a deep blue altar of Sif Muna.
   159 | D        | Found a bloodstained altar of Trog.
   160 | D        | Found a hide-covered altar of Uskayaw.
   161 | D        | Found a radiant altar of Vehumet.
   168 | D        | Became a worshipper of Gozag Ym Sagoz the Greedy
   175 | D        | Found a shimmering altar of Xom.
   176 | D        | Found a basalt altar of Yredelemnul.
   177 | D        | Found a glowing silver altar of Zin.
   178 | D        | Found a glowing golden altar of the Shining One.
   205 | D        | Noticed a hippogriff
   205 | D        | Noticed a big kobold
   205 | D        | Noticed a bullfrog
   205 | D        | Noticed an ogre
   205 | D        | Noticed an ogre
   205 | D        | Noticed a hippogriff
   213 | D        | Mangled by a hippogriff

Skill      XL: |  1  2 |
---------------+-------+-----
Unarmed Combat | 5 6 |  6.9
Fighting       | 4 |  4.3
Dodging        | 5 |  5.7

Action                   || total
-------------------------++-------
Melee: Unarmed           ||    43
       Bite              ||     6
       Punch             ||     1
  Use: Potion            ||     2
Armor: Skin              ||     2
Dodge: Dodged            ||    40
